 Dungeon Crawl Stone Soup version 0.30.0-21-gd299b56b3f (webtiles) character file.

Game seed: 13067773114433458249

49 qw the Chopper (level 3, -1/23 HPs)
             Began as a Gargoyle Fighter on June 2, 2023.
             Slain by a gnoll
             ... wielding a +0 spear
              (6 damage)
             ... on level 2 of the Dungeon.
             The game lasted 00:00:41 (1397 turns).

qw the Chopper (Gargoyle Fighter)                   Turns: 1397, Time: 00:00:41

Health: -1/23      AC: 15    Str: 21    XL:     3   Next: 75%
Magic:  3/3        EV:  5    Int:  8    God:
Gold:   123        SH:  4    Dex:  9    Spells: 2/2 levels left

rFire   . . .        Y - +1 war axe
rCold   . . .        c - +0 buckler
rNeg    + . .        i - +0 plate armour
rPois   inf          (no helmet)
rElec   +            g - +0 cloak
rCorr   .            (no gloves)
SInv    +            (no boots)
Will    .....        (no amulet) Stlth
                     (no ring)
HPRegen 0.23/turn    (no ring)
MPRegen 0.08/turn

%: clarity
@: no status effects
A: sickness immunity, AC +3, negative energy resistance 1, electricity
resistance, torment resistance 1, petrification resistance, see invisible,
clarity
a: no special abilities


You were on level 2 of the Dungeon.
You visited 1 branch of the dungeon, and saw 2 of its levels.

You collected 123 gold pieces.


Innate Abilities, Weirdness & Mutations

You are immune to sickness and miasma.
Your stone body is resilient. (AC +3)
You are immune to poison.
You resist negative energy. (rN+)
You are resistant to electric shocks. (rElec)
You are resistant to unholy torment.
You are immune to petrification.
You have supernaturally acute eyesight. (SInv)
You possess an exceptional clarity of mind.


   Skills:
 - Level 3.2 Fighting
 + Level 3.6 Axes
 - Level 3.2 Armour
 - Level 3.2 Shields


You had 2 spell levels left.
You didn't know any spells.
Your spell library was empty.

Inventory:

Hand Weapons
 l - a +0 mace
 Y - a +1 war axe (weapon)
Armour
 c - a +0 buckler (worn)
 g - a +0 cloak (worn)
 i - a +0 plate armour (worn)
Scrolls
 h - a scroll of amnesia {unknown}
 j - a scroll of teleportation {unknown}
 m - a scroll of immolation {unknown}
 n - a scroll of fog {unknown}
Potions
 a - a potion of cancellation {unknown}
 b - a potion of lignification {unknown}
 d - a potion of might
 e - a potion of invisibility {unknown}
 f - a potion of haste {unknown}
 k - 2 potions of mutation

Dungeon Overview and Level Annotations

Branches:
Dungeon (2/15)

Altars:


Message History

Enter note:
Enter note:
Enter note:
Enter note:
Enter note:
Enter note:
Enter note: You block the gnoll's attack.
The gnoll hits you but does no damage.
Enter note:
Enter note:
Enter note:
Enter note:
Enter note:
Enter note:
Enter note:
Enter note:
Enter note:
Enter note:
Enter note:
Enter note: You barely miss the gnoll.
The gnoll hits you but does no damage. x3
You closely miss the gnoll.
The gnoll hits you but does no damage. x3; You block the gnoll's attack.
The gnoll hits you but does no damage.
The gnoll hits you from afar with a +0 halberd.
You slash the gnoll!
The gnoll is severely wounded.
The gnoll hits you but does no damage.
The gnoll hits you from afar with a +0 halberd!
The gnoll hits you but does no damage.
You hit the gnoll.
The gnoll is almost dead.
The gnoll hits you but does no damage. x2
The gnoll hits you from afar with a +0 spear.
You hit the gnoll.
The gnoll is almost dead.
The gnoll hits you but does no damage. The gnoll hits you with a +0 spear.
The gnoll hits you from afar with a +0 spear.
You die... #.### ##.#.. .?#.## #....## ..... gg.

#.# #g# #.# #@# #. #.# #.# ##.
### #.# ##'## #.. ..# #.#
##...######..### #.# #.####
##.....##.......# #.# #.##.##
##.......#.##....# #.#
#.....####..........##....###.#
##.......'.....................
#....####..........##....###.#


You could see 3 gnolls.

Vanquished Creatures
  An adder (D:2)
  3 worms (D:2)
  2 bats
  2 giant cockroaches (D:2)
  A goblin (D:1)
  6 hobgoblins
  A quokka (D:2)
  5 ball pythons
  3 frilled lizards (D:1)
  4 kobolds
  3 rats
31 creatures vanquished.

Notes
Turn   | Place    | Note
-------+----------+-------------------------------------------
     0 | D:1      | qw the Gargoyle Fighter began the quest for the Orb.
     0 | D:1      | Reached XP level 1. HP: 14/14 MP: 1/1
     0 | D:1      | 0 ||| qw: Version: 0.2-a-102-gdf20003
     0 | D:1      | 0 ||| qw: Game counter: 863
     0 | D:1      | 0 ||| qw: Always use a shield: true
     0 | D:1      | 0 ||| qw: God list: Okawaru
     0 | D:1      | 0 ||| qw: Allow faded altars: false
     0 | D:1      | 0 ||| qw: Do Orc after D:15 true
     0 | D:1      | 0 ||| qw: Do second Lair branch before Depths: true
     0 | D:1      | 0 ||| qw: Lair rune preference: random
     0 | D:1      | 0 ||| qw: Plans: Normal, Zot:1-4, Slime:5, God:TSO, Crypt,
                  | Tomb, Pan, Hells, Abyss, Win
     0 | D:1      | 0 ||| PLANNING D:1-11
    82 | D:1      | Found a faded altar of an unknown god.
   171 | D:1      | Reached XP level 2. HP: 19/19 MP: 2/2
   651 | D:1      | 651 ||| UPGRADING to +0 cloak.
   656 | D:1      | 656 ||| UPGRADING to +0 plate armour.
   666 | D:1      | 666 ||| DROPPING +0 scale mail.
   667 | D:1      | 667 ||| READING scroll labelled RIMISTREXKA.
   668 | D:1      | 668 ||| READING scroll labelled VINAIM MAHONET.
   669 | D:1      | 669 ||| DRINKING 3 smoky golden potions.
   669 | D:1      | Gained mutation: You have supernaturally acute eyesight.
                  | (SInv) [potion of mutation]
   669 | D:1      | Gained mutation: You possess an exceptional clarity of
                  | mind. [potion of mutation]
   743 | D:2      | Identified the +4 scale mail of Kleptomania {Will+}
   955 | D:2      | 955 ||| DROPPING +0 club.
  1041 | D:2      | Reached skill level 3 in Axes
  1054 | D:2      | 1054 ||| Stepping ~*~*~tactically~*~*~ (stealth).
  1055 | D:2      | 1055 ||| Stepping ~*~*~tactically~*~*~ (stealth).
  1082 | D:2      | Reached XP level 3. HP: 23/23 MP: 3/3
  1397 | D:2      | HP: 5/23 [gnoll/+0 spear (1)]
  1397 | D:2      | Slain by a gnoll

Levels and vault maps discovered:
D:1:      lightli_arrival_maybe_door_vault, layout_basic,
          hellmonk_ecumenical_altar_heavens_door
D:2:      layout_loops_corners, minmay_pentomino_t4

Skill      XL: |  1  2 |
---------------+-------+-----
Axes           | 2 3 |  3.6
Fighting       | |  3.2
Armour         | |  3.2
Shields        | |  3.2

Action                     || total
---------------------------++-------
  Melee: War axe           ||   109
    Use: Scroll            ||     2
         Potion            ||     1
 Armour: Scale mail        ||    16
         Plate armour      ||    55
  Dodge: Dodged            ||    31
  Block: Buckler           ||    20

Table legend:
 A = Non-vault XP
 B = Vault XP
 C = Vault XP percentage of total XP
 D = Non-vault monster count
 E = Vault monster count
 F = Vault count percentage of total count
                 A         B        C        D         E       F
            +---------+---------+-------+---------+---------+-------
      Total |      59 |      11 |  15.7 |      28 |       3 |   9.7
            +---------+---------+-------+---------+---------+-------
        D:1 |      19 |       0 |   0.0 |      13 |       0 |   0.0
        D:2 |      40 |      11 |  21.6 |      15 |       3 |  16.7
            +---------+---------+-------+---------+---------+-------
